 Dungeon Crawl Stone Soup version 0.30-a0-292-g0f741e3f8e (webtiles) character file.

Game seed: 15749948085385837518

1421 jlumianski the Slasher (level 8, -10/60 HPs)
             Began as a Demonspawn Gladiator on Oct 17, 2022.
             Mangled by an orc warrior
             ... wielding a +0 morningstar of venom
              (12 damage)
             ... on level 5 of the Dungeon.
             The game lasted 00:16:05 (4170 turns).

jlumianski the Slasher (Demonspawn Gladiator)       Turns: 4170, Time: 00:16:06

Health: -10/60     AC: 16    Str: 16    XL:     8   Next: 44%
Magic:  8/8        EV:  8    Int: 10    God:
Gold:   57         SH:  0    Dex: 15    Spells: 7/7 levels left

rFire   . . .      SeeInvis .    r - +2 long sword (elec)
rCold   . . .      Faith    .    (no shield)
rNeg    . . .      Spirit   .    B - +0 shadow dragon scales
rPois   .          Reflect  .    c - +1 helmet
rElec   .          Harm     .    y - scarf {shadows}
rCorr   .          Rampage  .    (no gloves)
Will    .....                    (no boots)
Stlth   +++.......               z - amulet of the acrobat
HPRegen 1.30/turn                p - ring of flight
MPRegen 0.11/turn                h - +4 ring of slaying

@: lethally poisoned (-10 -> -23), flying
A: thin metallic scales 1, ignite blood 1, powered by death 2
a: no special abilities


You were on level 5 of the Dungeon.
You visited 1 branch of the dungeon, and saw 6 of its levels.

You collected 260 gold pieces.
You spent 203 gold pieces at shops.

Inventory:

Hand Weapons
 a - a +0 war axe
 g - a +0 lajatang
 n - a +2 rapier of electrocution
 r - a +2 long sword of electrocution (weapon)
 L - a +4 quarterstaff of chaos
 N - a +0 whip of flaming
Missiles
 d - 3 throwing nets (quivered)
 l - 8 boomerangs
 q - 9 poisoned darts
 M - 3 boomerangs of dispersal
Armour
 b - a +0 leather armour
 c - a +1 helmet (worn)
 w - a +0 scale mail
 y - a scarf of shadows (worn)
 B - +0 shadow dragon scales (worn)
 K - a +2 cloak
Magical Staves
 i - a staff of air
 E - a staff of fire
Jewellery
 h - a +4 ring of slaying (right hand)
 p - a ring of flight (left hand)
 u - a +6 ring of intelligence
 v - a ring of protection from cold
 z - an amulet of the acrobat (around neck)
Wands
 o - a wand of quicksilver (10)
 F - a wand of roots (6)
 G - a wand of charming (6)
Scrolls
 k - 2 scrolls of fog
 A - a scroll of immolation
 H - a scroll of summoning {unknown}
 I - a scroll of blinking
 J - a scroll of teleportation
Potions
 f - a potion of invisibility
 j - 4 potions of attraction
 m - a potion of haste
 s - a potion of degeneration
 t - a potion of berserk rage
 x - a potion of brilliance {unknown}
 C - a potion of cancellation {unknown}
 D - a potion of curing


   Skills:
 + Level 3.8 Fighting
 * Level 6.8 Long Blades
 - Level 3.5 Axes
 + Level 2.4 Throwing
 + Level 3.5 Armour
 + Level 3.7 Dodging
 + Level 1.5 Stealth


You had 7 spell levels left.
You didn't know any spells.
Your spell library contained the following spells:

 Spells                   Type           Power      Damage    Failure   Level
 Call Canine Familiar     Summ           0%         N/A       100%        3
 Portal Projectile        Hex/Tloc       0%         N/A       100%        3
 Anguish                  Hex/Necr       0%         N/A       100%        4
 Leda's Liquefaction      Hex/Erth       0%         N/A       100%        4
 Enfeeble                 Hex            0%         N/A       100%        7


Dungeon Overview and Level Annotations

Branches:
Dungeon (6/15)
 Temple: D:4-7

Altars:
Vehumet
Wu Jian
Xom
Yredelemnul

Shops:
D:4 (   D:5 ?


Innate Abilities, Weirdness & Mutations

You are partially covered in thin metallic scales. (AC +2)
Your demonic aura sometimes causes spilled blood to erupt in flames.
You regenerate health from kills.


Message History

An orc comes into view. It is wielding a +0 short sword.
An orc comes into view. It is wielding a +0 hand axe.
Items here: )))) [[[ ††.
The orc warrior hits you with a +0 morningstar of venom!
You hit the orc warrior.
The orc warrior is lightly wounded.
The orc warrior hits you with a +0 morningstar of venom!
You are poisoned.
You barely miss the orc warrior.
The orc warrior is lightly wounded.
You feel very sick.
The orc warrior hits you with a +0 morningstar of venom!
You are more poisoned.
You hit the orc warrior but do no damage.
The orc warrior is lightly wounded.
You feel very sick.
The orc warrior hits you with a +0 morningstar of venom!
* * * LOW HITPOINT WARNING * * *
You are lethally poisoned!
You hit the orc warrior.
You punch the orc warrior, but do no damage.
The orc warrior is moderately wounded.
* * * LOW HITPOINT WARNING * * *
You feel extremely sick.
The orc warrior hits you but does no damage.
You are more poisoned.
Throw: javelin
Press: ? - help, Q - select action, (/) - cycle Shift-Dir - straight line, f - orc warrior
Aim: an orc warrior, wielding a +0 morningstar of venom and wearing a +0 plate armour (moderately wounded, 65% to hit)
You throw a javelin.
The javelin pierces through the orc warrior.
The orc warrior is moderately wounded.
The javelin barely misses the orc wizard.
The javelin pierces through the orc but does no damage.
The javelin pierces through the orc!
You kill the orc!
* * * LOW HITPOINT WARNING * * *
You feel extremely sick.
The orc warrior hits you with a +0 morningstar of venom!
You die...

##... #8..8.
###....o.
#(').oo..
#o#...o.o
#o##8..8o #o#
##... #o# ##
######## #@#
#>...... #.###
###.###.## #...#
#.......#
###.#####.#.#####
#.....?.#.#
####..∩...#
#...?#.######
#............
######.######


You could see an orc warrior, an orc wizard and 2 orcs.

Vanquished Creatures
  Grinder (D:5)
  Sigmund (D:5)
  A water moccasin (D:5)
  A black bear (D:4)
  An ice beast (D:5)
  A centaur (D:5)
  An ogre (D:4)
  A phantom (D:5)
  2 scorpions (D:5)
  2 necrophages
  A hound (D:5)
  Crazy Yiuf (D:5)
  3 iguanas
  An orc wizard (D:4)
  4 adders
  4 gnolls (D:5)
  A worm (D:3)
  2 dart slugs
  11 orcs
  4 bats
  3 endoplasms (D:2)
  5 giant cockroaches
  2 goblins
  8 hobgoblins
  2 jackals (D:2)
  2 quokkas (D:3)
  6 ball pythons
  3 frilled lizards (D:2)
  5 kobolds
  5 rats
85 creatures vanquished.

Notes
Turn   | Place    | Note
-------+----------+-------------------------------------------
     0 | D:1      | jlumianski the Demonspawn Gladiator began the quest for the
                  | Orb.
     0 | D:1      | Reached XP level 1. HP: 16/16 MP: 1/1
   226 | D:3      | Found a radiant altar of Vehumet.
   264 | D:3      | Gained mutation: Your demonic aura sometimes causes spilled
                  | blood to erupt in flames. [demonic ancestry]
   264 | D:3      | Reached XP level 2. HP: 12/22 MP: 2/2
   539 | D:2      | Gained mutation: You regenerate a little health from kills.
                  | [demonic ancestry]
   539 | D:2      | Reached XP level 3. HP: 27/27 MP: 3/3
   870 | D:1      | Found a faded altar of an unknown god.
  1748 | D:3      | Reached skill level 1 in Armour
  1752 | D:3      | Found a shimmering altar of Xom.
  1767 | D:3      | Reached XP level 4. HP: 33/33 MP: 4/4
  2296 | D:3      | Noticed a necrophage
  2305 | D:3      | Killed a necrophage
  2306 | D:3      | Reached skill level 1 in Long Blades
  2380 | D:3      | Found a basalt altar of Yredelemnul.
  2386 | D:3      | Gained mutation: You regenerate health from kills. [demonic
                  | ancestry]
  2386 | D:3      | Reached XP level 5. HP: 38/38 MP: 5/5
  2542 | D:4      | Reached skill level 2 in Long Blades
  2579 | D:5      | Entered Level 5 of the Dungeon
  2616 | D:5      | Reached skill level 3 in Long Blades
  2638 | D:6      | Noticed a centaur
  2644 | D:5      | Killed a centaur
  2645 | D:5      | Gained mutation: You are partially covered in thin metallic
                  | scales. (AC +2) [demonic ancestry]
  2645 | D:5      | Reached XP level 6. HP: 45/46 MP: 6/6
  2691 | D:4      | Reached skill level 4 in Long Blades
  2858 | D:5      | Reached XP level 7. HP: 51/51 MP: 7/7
  2892 | D:4      | Found Wiecuxt's Weapon Emporium.
  2953 | D:4      | Found an ornate altar of the Wu Jian Council.
  3021 | D:4      | Reached skill level 1 in Stealth
  3249 | D:5      | Reached skill level 5 in Long Blades
  3298 | D:5      | HP: 2/52 [poisoned by a water moccasin]
  3597 | D:5      | Noticed Sigmund
  3597 | D:5      | Noticed Grinder
  3623 | D:5      | Killed Sigmund
  3624 | D:5      | Reached skill level 6 in Long Blades
  3624 | D:5      | Reached XP level 8. HP: 47/58 MP: 8/8
  3701 | D:5      | Killed Grinder
  3938 | D:5      | Found Bimi's Magic Scroll Emporium.
  3947 | D:5      | Bought a scroll of identify for 28 gold pieces
  3947 | D:5      | Bought a scroll of identify for 28 gold pieces
  3947 | D:5      | Bought a scroll of blinking for 105 gold pieces
  3947 | D:5      | Bought a scroll of teleportation for 42 gold pieces
  3958 | D:5      | Found a runed translucent door.
  4011 | D:5      | Found a runed translucent door.
  4012 | D:5      | Noticed Crazy Yiuf
  4020 | D:5      | Killed Crazy Yiuf
  4170 | D:5      | HP: 2/60 [poisoned by an orc warrior]
  4170 | D:5      | Mangled by an orc warrior

Illustrated notes

Levels and vault maps discovered:
D:1:      lemuel_arrival_room, layout_basic, ebering_ecumenical_altar_petrified
D:2:      layout_loops_ring, nicolae_eternal_life, kennysheep_crisscross
D:3:      layout_loops_ring, marbit_many_paths, nicolae_overflow_hidden_temple,
          mainiacjoe_overflow_cross_hatched
D:4:      layout_basic, lemuel_round_altar, serial_shops, shop
D:5:      layout_basic, serial_shops, shop_scrolls, lightli_church_of_beogh,
          uniq_sigmund, uniq_crazy_yiuf_cottage, uniq_grinder
D:6:      layout_layer_cave, mainiacjoe_overflow_concentric_impassable,
          minmay_temple_entry_gardened_gates

Skill      XL: |  1  2  3  4  5  6  7 |
---------------+----------------------+-----
Axes           | 3 |  3.5
Dodging        | 3 |  3.7
Armour         | 1 2 3 |  3.5
Long Blades    | 1 3 4 6 |  6.8
Throwing       | 2 |  2.4
Stealth        | 1 |  1.5
Fighting       | 3 |  3.8

Action                   |  1- 3 |  4- 6 |  7- 9 || total
-------------------------+-------+-------+-------++-------
Melee: War axe           |    68 |       |       ||    68
       Long sword        |    33 |    62 |    68 ||   163
       Punch             |     1 |       |     1 ||     2
Throw: Boomerang         |       |     3 |     9 ||    12
       Throwing net      |       |       |     1 ||     1
       Javelin           |       |       |     1 ||     1
  Use: Scroll            |     6 |     3 |     4 ||    13
       Potion            |       |     1 |     1 ||     2
 Stab: Sleeping          |     1 |       |     1 ||     2
Armor: Leather armour    |    34 |     7 |       ||    41
       Scale mail        |       |    16 |       ||    16
       Shadow dragon sca |       |       |    29 ||    29
Dodge: Dodged            |    77 |    43 |    23 ||   143

Table legend: (Time is in decaauts)
 A = Elapsed time spent in this place.
 B = Non-inter-level travel time spent in this place.
 C = Inter-level travel time spent in this place.
 D = Time resting spent in this place.
 E = Time spent auto-exploring this place.
 F = Levels seen in this place.
 G = Mean time per level.
                   A        B        C        D        E       F      G
               +--------+--------+--------+--------+--------+-----+--------+
         Total |   4206 |   4104 |    102 |    184 |   2294 |   6 |  701.0 |
       Dungeon |   4206 |   4104 |    102 |    184 |   2294 |   6 |  701.0 |
               +--------+--------+--------+--------+--------+-----+--------+

Top non-repeatable levels by time:
     D:5: 1029 daAuts
     D:3: 912 daAuts
     D:2: 829 daAuts
     D:1: 731 daAuts
     D:4: 658 daAuts
     D:6: 45 daAuts
